 Dungeon Crawl Stone Soup version 0.24.0-13-gcf9b319 (webtiles) character file.

Game seed: 8009253357189983137, levelgen mode: deterministic

33235 sanboga the Blocker (level 13, -12/84 HPs)
             Began as a Gargoyle Berserker on Dec 4, 2019.
             Was a High Priest of Trog.
             Mangled by a shadow (21 damage)
             ... on level 13 of the Dungeon.
             The game lasted 00:31:04 (16248 turns).

sanboga the Blocker (Gargoyle Berserker)           Turns: 16248, Time: 00:31:05

Health: -12/84     AC: 34    Str: 27    XL:     13   Next: 69%
Magic:  4/4        EV:  8    Int:  9    God:    Trog [*****.]
Gold:   728        SH:  8    Dex: 15    Spells: 12/12 levels left

rFire    . . .     SeeInvis .   a - +2 broad axe (antimagic)
rCold    . . .     Gourm    .   i - +0 buckler
rNeg     + + .     Faith    .   x - +4 plate armour
rPois    ∞         Spirit   .   l - +0 helmet
rElec    +         Reflect  .   e - +2 ratskin cloak {+Rats rPois rN+ Str-1 Int-1 Dex+1}
rCorr    .         Harm     .   (no gloves)
MR       .....     Clarity  +   k - +0 pair of boots
Stlth    ..........             (no amulet)
HPRegen  0.24/turn              u - +5 ring of dexterity
MPRegen  0.09/turn              (no ring)

@: very slightly contaminated, invisible (expiring)
A: clarity, clever 1, negative energy resistance 1, electricity resistance,
strong 1, unbreathing, petrification resistance, rot immunity, subdued magic 1,
AC +9
a: Berserk, Trog's Hand, Brothers in Arms, Renounce Religion, Evoke Ratskin


You were on level 13 of the Dungeon.
You worshipped Trog.
Trog was extremely pleased with you.
You were not hungry.

You visited 1 branch of the dungeon, and saw 13 of its levels.

You collected 728 gold pieces.

Inventory:

Hand Weapons
 a - a +2 antimagic broad axe (weapon)
Armour
 e - the +2 ratskin cloak (worn) {+Rats rPois rN+ Str-1 Int-1 Dex+1}
   (You found it on level 6 of the Dungeon)

   It affects your strength (-1).
   It affects your intelligence (-1).
   It affects your dexterity (+1).
   It protects you from poison.
   It protects you from negative energy.
 i - a +0 buckler (worn)
 k - a +0 pair of boots (worn)
 l - a +0 helmet (worn)
 x - a +4 plate armour (worn)
Jewellery
 s - an uncursed ring of ice
 t - an uncursed amulet of the acrobat {unknown}
 u - a +5 ring of dexterity (left hand)
Wands
 d - a wand of acid (18)
 j - a wand of flame (13)
 p - a wand of clouds (14)
Scrolls
 f - 8 scrolls of teleportation
 m - 2 scrolls of enchant armour
 q - 2 scrolls of enchant weapon
Potions
 h - 2 potions of flight
 o - a potion of cancellation
Comestibles
 c - 13 rations


   Skills:
 + Level 10.9 Fighting
 * Level 12.4 Axes
 + Level 10.6 Armour
 - Level 1.5 Dodging
 * Level 14.0 Shields


You had 12 spell levels left.
You didn't know any spells.
Your spell library was empty.

Dungeon Overview and Level Annotations

Branches:
Dungeon (13/15)            Temple (0/1) D:7            Lair (0/6) D:9
    Orc (0/2) D:9
 Vaults: D:13-14

Altars:
Elyvilon
Uskayaw
Wu Jian
Xom
Yredelemnul

Shops:
D:5 %


Innate Abilities, Weirdness & Mutations

You are resistant to torment.
Your stone body is resilient. (AC +9)
You are immune to poison.
You resist negative energy. (rN+)
You are resistant to electric shocks. (rElec)
You can survive without breathing.
You are immune to petrification.
You are immune to rotting.
You possess an exceptional clarity of mind.
Your mind is acute. (Int +2)
Your muscles are strong. (Str +2)
Your spells are a little easier to cast, but a little less powerful.


Message History

You kill the cyan ugly thing!
Trog accepts your kill. You block the shadow's attack.
You barely miss the shadow.
The shadow is severely damaged.
You catch the helpless crimson imp completely off-guard!
You slash the crimson imp!
The crimson imp's magic leaks into the air.
The shadow hits you.
You barely miss the shadow.
The shadow is severely damaged.
The shadow slips into darkness.
The shadow flickers and vanishes!
Deactivating autopickup; reactivate with Ctrl-A.
You block the bullfrog skeleton's attack.
You closely miss something. You slash the bullfrog skeleton!
You recover from your berserk rage.
You block the bullfrog skeleton's attack.
The shadow strikes at you from the darkness!
You die...

.....##.)##)..#..[##..##.
......##..##y.##[##..##..
.......##..##..###..##.#.
.......†##..##..#..##.##
........†##..##...##....
.......)Z5##..##.##.#####
.#########.##..###..#
..##########.##..#...###
........T{@Z.5##........
#######..#####.#.#...###
#(.# ##.##...# #..#
#......#
##########).#########...#
................... ..#
................... ...
########........... .#
#..######### #


You could see a troll, a crimson imp and a bullfrog skeleton.

Vanquished Creatures
  2 tengu reavers (D:13)
  A frost giant (D:13)
  Fannar (D:11)
  A rakshasa (D:11)
  3 hydras (D:11)
  A centaur warrior (D:11)
  A two-headed ogre (D:8)
  An ogre mage (D:11)
  An unseen horror (D:12)
  A swamp dragon (shapeshifter) (D:13)
  A deep elf mage (D:11)
  A wolf spider (D:12)
  2 cyclopes
  4 ugly things
  A gargoyle (D:12)
  A yaktaur (D:12)
  A freezing wraith (D:11)
  A kobold demonologist (D:11)
  2 komodo dragons
  6 trolls
  A polar bear (D:10)
  Grinder (D:6)
  A hornet (D:12)
  A hippogriff (D:12)
  A meliai zombie (D:13)
  2 centaur simulacra
  2 wyverns
  18 yaks
  2 hungry ghosts (D:13)
  3 wraiths
  Eustachio (D:6)
  3 chaos spawn (D:11)
  A human (D:6)
  A basilisk (D:11)
  A steam dragon (D:9)
  Menkaure (D:6)
  An acid dragon (D:11)
  6 orc warriors
  4 eyes of draining
  A hornet zombie (D:11)
  8 ice beasts
  5 sky beasts
  11 ogres
  2 phantoms
  A wolf (D:10)
  9 centaurs
  2 big kobolds
  10 bullfrogs
  2 gnoll sergeants
  A wyvern skeleton (D:9)
  3 scorpions
  17 killer bees
  13 wights
  3 electric eels (D:10)
  5 howler monkeys
  A lava snake (D:11)
  7 crimson imps
  9 hounds
  A bullfrog zombie (D:12)
  4 centaur zombies
  7 jellies
  2 quasits
  A bullfrog skeleton (D:8)
  6 orc priests
  4 centaur skeletons
  9 orc wizards
  2 iguanas
  5 worker ants
  3 hell rats (D:6)
  2 bullfrog simulacra
  2 worker ant zombies
  14 adders
  16 gnolls
  4 river rats (D:6)
  3 shadow imps
  A white imp (D:10)
  A worker ant simulacrum (D:10)
  An ufetubus (D:10)
  2 oozes (D:2)
  3 adder skeletons
  4 adder zombies
  8 worms
  3 dart slugs
  4 leopard geckos
  37 orcs
  6 giant cockroaches
  7 goblins
  10 hobgoblins
  12 jackals
  7 quokkas
  5 bats
  5 frilled lizards
  A frilled lizard (shapeshifter) (D:11)
  A jackal skeleton (D:6)
  21 kobolds
  A leopard gecko zombie (D:8)
  20 rats
  2 plants (D:9)
441 creatures vanquished.

Vanquished Creatures (collateral kills)
  A hydra (D:11)
  A troll (D:8)
  A shadow (D:11)
  2 yaks (D:11)
  An ogre (D:11)
  A phantom (D:7)
  A big kobold (D:11)
  A gnoll sergeant (D:8)
  2 scorpions (D:11)
  A killer bee (D:7)
  A wight (D:11)
  2 worker ants (D:7)
  A hound skeleton (D:11)
  A gnoll (D:8)
  A kobold (D:11)
18 creatures vanquished.

Vanquished Creatures (others)
  An orc (D:10)
  A plant (D:9)
2 creatures vanquished.

Grand Total: 461 creatures vanquished

Notes
Turn   | Place    | Note
-------+----------+-------------------------------------------
     0 | D:1      | sanboga the Gargoyle Berserker began the quest for the Orb.
     0 | D:1      | Reached XP level 1. HP: 14/14 MP: 1/1
   222 | D:1      | Reached XP level 2. HP: 19/19 MP: 2/2
   483 | D:1      | Reached ** piety under Trog
   499 | D:1      | Reached XP level 3. HP: 20/23 MP: 3/3
   794 | D:2      | Reached skill level 1 in Shields
  1058 | D:2      | Reached XP level 4. HP: 21/29 MP: 4/4
  1454 | D:3      | Reached skill level 2 in Shields
  1474 | D:3      | Reached XP level 5. HP: 23/33 MP: 5/5
  1824 | D:3      | Reached *** piety under Trog
  2372 | D:3      | Reached XP level 6. HP: 37/38 MP: 6/6
  2472 | D:4      | Reached skill level 3 in Shields
  3064 | D:4      | Reached XP level 7. HP: 38/44 MP: 7/7
  3333 | D:5      | Entered Level 5 of the Dungeon
  3333 | D:5      | Found Pesh's Food Shoppe.
  3412 | D:5      | Reached skill level 4 in Shields
  3744 | D:5      | Reached **** piety under Trog
  4110 | D:5      | Reached skill level 5 in Axes
  4281 | D:5      | Reached skill level 5 in Fighting
  4343 | D:6      | Found a runed translucent door.
  4343 | D:6      | Noticed a human
  4349 | D:6      | Found a basalt altar of Yredelemnul.
  4388 | D:6      | Killed a human
  4388 | D:6      | Reached skill level 5 in Shields
  4388 | D:6      | Reached XP level 8. HP: 49/49 MP: 8/8
  4761 | D:6      | Noticed Menkaure
  4772 | D:6      | Killed Menkaure
  4811 | D:6      | Noticed Eustachio
  4818 | D:6      | Killed Eustachio
  4936 | D:6      | Reached skill level 5 in Armour
  4948 | D:6      | Reached skill level 6 in Shields
  5435 | D:6      | Noticed Grinder
  5441 | D:6      | Reached XP level 9. HP: 55/55 MP: 9/9
  5468 | D:6      | Reached ***** piety under Trog
  5479 | D:6      | Killed Grinder
  5479 | D:6      | Reached skill level 7 in Shields
  5710 | D:6      | Found the +2 ratskin cloak {+Rats rPois rN+ Str-1 Int-1
                  | Dex+1}
  5816 | D:7      | Found a staircase to the Ecumenical Temple.
  6135 | D:7      | Found an ornate altar of the Wu Jian Council.
  6320 | D:7      | Gained mutation: Your muscles are strong. (Str +2) [potion
                  | of mutation]
  6320 | D:7      | Gained mutation: Your spells are a little easier to cast,
                  | but a little less powerful. [potion of mutation]
  6320 | D:7      | Gained mutation: You possess an exceptional clarity of
                  | mind. [potion of mutation]
  6320 | D:7      | Gained mutation: Your mind is acute. (Int +2) [potion of
                  | mutation]
  6601 | D:7      | Reached skill level 8 in Shields
  6932 | D:7      | Reached XP level 10. HP: 54/63 MP: 10/10
  7045 | D:7      | Received a gift from Trog
  7195 | D:7      | Found a hide-covered altar of Uskayaw.
  7855 | D:8      | Reached skill level 9 in Shields
  8420 | D:8      | Noticed a two-headed ogre
  8430 | D:8      | Killed a two-headed ogre
  9033 | D:9      | Found a staircase to the Orcish Mines.
  9086 | D:9      | Reached skill level 10 in Shields
  9178 | D:9      | Found a white marble altar of Elyvilon.
  9196 | D:9      | Reached XP level 11. HP: 40/68 MP: 11/11
  9254 | D:9      | Found a staircase to the Lair.
  9588 | D:10     | Entered Level 10 of the Dungeon
  9641 | D:10     | Received a gift from Trog
 10659 | D:10     | Noticed a red ugly thing
 10664 | D:10     | Killed a red ugly thing
 10664 | D:10     | Reached skill level 11 in Shields
 10863 | D:10     | Reached skill level 10 in Axes
 11488 | D:11     | Noticed a cyclops
 11496 | D:11     | Killed a cyclops
 11819 | D:11     | Noticed a seven-headed hydra
 11827 | D:11     | Killed an 11-headed hydra
 11827 | D:11     | Reached XP level 12. HP: 76/76 MP: 4/12
 12030 | D:11     | Reached skill level 12 in Shields
 12302 | D:11     | Noticed an eight-headed hydra
 12310 | D:11     | Killed a nine-headed hydra
 12370 | D:11     | Noticed Fannar
 12399 | D:11     | Killed Fannar
 12612 | D:11     | Noticed a five-headed hydra
 12616 | D:11     | Found the +7 mace of Variability {chain chaos}
 12628 | D:11     | Killed a 13-headed hydra
 12646 | D:11     | Found a shimmering altar of Xom.
 12902 | D:11     | Noticed an ogre mage
 12914 | D:11     | Killed an ogre mage
 12914 | D:11     | Reached skill level 10 in Fighting
 12916 | D:11     | Noticed a centaur warrior
 12918 | D:11     | Noticed a rakshasa
 12922 | D:11     | Noticed a seven-headed hydra
 13087 | D:11     | Killed a 13-headed hydra
 13322 | D:11     | Killed a rakshasa
 13322 | D:11     | Received a gift from Trog
 13322 | D:11     | Reached skill level 13 in Shields
 13422 | D:11     | Killed a centaur warrior
 13422 | D:11     | Reached XP level 13. HP: 27/82 MP: 4/13
 13684 | D:11     | Reached skill level 10 in Armour
 14983 | D:13     | Noticed a tengu reaver
 14985 | D:13     | Noticed a tengu reaver
 14986 | D:13     | Found the +2 robe of Vines {NoPotionHeal Regen+7}
 15751 | D:13     | Killed a tengu reaver
 15990 | D:13     | Noticed a frost giant
 16003 | D:13     | Killed a frost giant
 16222 | D:13     | Killed a tengu reaver
 16222 | D:13     | Reached skill level 14 in Shields
 16248 | D:13     | Mangled by a shadow

Levels and vault maps discovered:
D:1:      dpeg_arrival_simpleton_a, layout_basic, minmay_pentomino_z2
D:2:      layout_rooms, minmay_crystal_room
D:3:      layout_rooms
D:4:      kennysheep_big_flooded_room, layout_loops_ring
D:5:      layout_loops_ring, serial_shops, nicolae_shop_statue_plus,
          first_ration, nicolae_underground_beach
D:6:      wander_guarded_unrand_ratskin, layout_rooms, dk_yredelemnul_ordeal,
          uniq_grinder, uniq_menkaure, uniq_eustachio
D:7:      layout_gridville, minmay_temple_entry_arrows, basic_altar,
          grunt_ogre_cave, lemuel_centaur_altar
D:8:      layout_cave_pools, minmay_checkerbox
D:9:      layout_basic, elyvilon_altar_5, david_lair_shrubbed, orc_0_dummy,
          minivault_11
D:10:     layout_loops_ring, serial_ice, serial_ice_h, serial_ice_l,
          serial_ice_m, serial_ice_g, serial_ice_n, serial_ice_f, serial_ice_c,
          serial_ice_a, serial_ice_e, serial_ice_d
D:11:     minmay_the_grid_triangle_9x9_line_8_mashed
          [minmay_the_grid_triangle_9x9_corrupted_corridor,
          minmay_the_grid_triangle_9x9_thin_v,
          minmay_the_grid_triangle_9x9_descending_squares,
          minmay_the_grid_triangle_9x9_sparse_checkered,
          minmay_the_grid_triangle_9x9_pentomino_pain,
          minmay_the_grid_triangle_9x9_stretched_checkered,
          minmay_the_grid_triangle_9x9_skeleton,
          minmay_the_grid_triangle_9x9_prize_insulated], layout_rooms,
          kennysheep_donut, minmay_guarded_unrand_variability, uniq_fannar
D:12:     layout_roguey, grunt_ministairs_11, minmay_misc_feat_tiny,
          chequers_garden
D:13:     layout_long_grid, david_vaults_4, minmay_diamond_spiral

Skill      XL: |  1  2  3  4  5  6  7  8  9 10 11 12 13 |
---------------+----------------------------------------+-----
Axes           | 3 4 5 6 7 9 10 11 12 | 12.4
Shields        | 1 2 3 5 6 8 10 11 13 14 | 14.0
Armour         | 3 4 5 6 7 8 9 10 | 10.6
Fighting       | 4 5 6 7 8 9 10 | 10.9
Dodging        | |  1.5

Action                   |  1- 3 |  4- 6 |  7- 9 | 10-12 | 13-15 || total
-------------------------+-------+-------+-------+-------+-------++-------
Melee: Hand axe          |   109 |   222 |   366 |       |       ||   697
       War axe           |       |       |    15 |   312 |       ||   327
       Broad axe         |       |       |       |   440 |   269 ||   709
Invok: Berserk           |     1 |     3 |     8 |    13 |     3 ||    28
       Brothers in Arms  |       |       |       |     5 |       ||     5
 Abil: Evoke Ratskin     |       |       |     2 |     2 |       ||     4
Evoke: Wand              |       |       |    14 |    21 |       ||    35
  Use: Scroll            |     4 |     5 |     3 |     7 |     3 ||    22
       Potion            |       |     3 |     2 |     1 |     3 ||     9
 Stab: Sleeping          |       |     1 |       |       |       ||     1
       Invisible         |       |       |       |       |     1 ||     1
  Eat: Chunk             |     1 |     8 |    12 |    26 |     5 ||    52
       Ration            |       |       |     3 |     3 |     4 ||    10
Armor: Animal skin       |    62 |    77 |   201 |    13 |       ||   353
       Chain mail        |       |       |       |   276 |       ||   276
       Plate armour      |       |       |       |   354 |   217 ||   571
Dodge: Dodged            |   101 |   133 |   310 |   392 |    78 ||  1014
Block: Buckler           |    13 |    48 |   134 |   311 |   110 ||   616
